 Dungeon Crawl Stone Soup version 0.22-a0-422-g9628fc8 (webtiles) character file.

68 Falco the Shooter (level 4, 0/36 HPs)
             Began as a Centaur Arcane Marksman on May 19, 2018.
             Slain by a hobgoblin
             ... wielding a +0 club
             ... led by Robin
              (6 damage)
             ... on level 3 of the Dungeon.
             The game lasted 00:11:56 (2639 turns).

Falco the Shooter (Centaur Arcane Marksman)         Turns: 2639, Time: 00:11:57

Health: 0/36       AC:  6    Str: 12    XL:     4   Next: 1%
Magic:  5/5        EV: 10    Int: 12    God:
Gold:   126        SH:  0    Dex: 11    Spells: 2/5 levels left

rFire    . . .     SeeInvis .   c - +0 spear (pierce)
rCold    . . .     Gourm    .   (no shield)
rNeg     . . .     Faith    .   e - +2 robe
rPois    .         Spirit   .   (no helmet)
rElec    .         Reflect  .   (no cloak)
rCorr    .         Harm     .   (no gloves)
MR       .....                  (no barding)
Stlth    +.........             (no amulet)
HPRegen  0.12/turn              (no ring)
MPRegen  0.09/turn              (no ring)

@: about to teleport, very quick
A: large, hooves 3, deformed body, speed 2, tough skin 3
a: no special abilities


You were on level 3 of the Dungeon.
You were hungry.

You visited 1 branch of the dungeon, and saw 3 of its levels.

You collected 126 gold pieces.

Inventory:

Hand Weapons
 a - a +0 shortbow
 c - a +0 spear of piercing (weapon)
Missiles
 f - 10 arrows
 g - 64 stones (quivered)
 m - 12 poisoned needles
Armour
 e - a +2 robe (worn)
Scrolls
 d - a scroll of magic mapping {unknown}
 h - a scroll of teleportation
 j - a scroll of amnesia {unknown}
 l - a scroll of fog {unknown}
Potions
 b - a potion of degeneration {unknown}
 i - a potion of ambrosia {unknown}
 n - a potion of mutation
 o - a potion of curing {unknown}
 p - a potion of brilliance {unknown}
Comestibles
 k - a ration


   Skills:
 + Level 2.0 Fighting
 + Level 0.3 Polearms
 + Level 4.0 Bows
 + Level 1.9 Dodging
 + Level 0.2 Unarmed Combat
 + Level 1.0 Spellcasting
 + Level 3.0 Hexes


You had 2 spell levels left.
You knew the following spells:

 Your Spells              Type           Power        Failure   Level  Hunger
a - Corona                Hex            #......      9%          1    ##.....
b - Slow                  Hex            #.......     13%         2    ###....

Your spell library contained the following spells:

 Spells                   Type           Power        Failure   Level  Hunger
 Cause Fear               Hex            #.........   65%         4    #####..
 Portal Projectile        Hex/Tloc       #.....       43%         3    ####...
 Leda's Liquefaction      Hex/Erth       #.........   85%         4    #####..
 Inner Flame              Hex/Fire       #.......     43%         3    ####...


Dungeon Overview and Level Annotations

Branches:
Dungeon (3/15)

Altars:

Annotations:
D:3 Robin, Terence


Innate Abilities, Weirdness & Mutations

You have hooves in place of feet.
Armour fits poorly on your strangely shaped body.
You cover ground very quickly.
You have extremely tough skin. (AC +3)


Message History

The giant cockroach barely misses you. x2
You closely miss the giant cockroach. Your kick misses the giant cockroach.
The giant cockroach bites you but does no damage.
The hobgoblin barely misses you.
You completely miss the giant cockroach.
You kick the giant cockroach, but do no damage.
The giant cockroach bites you but does no damage.
The hobgoblin barely misses you.
You barely miss the giant cockroach. The giant cockroach barely misses you.
The hobgoblin hits you with a club!
The giant cockroach bites you but does no damage.
You closely miss the giant cockroach. The giant cockroach closely misses you.
The hobgoblin hits you with a club!
* * * LOW HITPOINT WARNING * * *
As you read the scroll of teleportation, it crumbles to dust.
You feel strangely unstable.
The giant cockroach bites you but does no damage.
Terence asks, "Do you want it fast or slow?"
The hobgoblin hits you with a club.
You die...

####### #...>.# #
#.....##.##..
#...........# #.
#.....##.####
#..g######.....##.....
#..@gg@s..........#
#..g#####...#.#.#.# .
... ......#.#)#†##...
. ..........<......
...........#.##...
.............# .
#######....#.##
#....#.# #......#


You could see Terence, Robin, a giant cockroach, a hobgoblin and 2 goblins.

Vanquished Creatures
  A dart slug (D:1)
  5 bats
  A giant cockroach (D:1)
  10 goblins
  10 hobgoblins
  11 jackals
  9 kobolds
  2 frilled lizards
  8 rats
57 creatures vanquished.

Notes
Turn   | Place    | Note
-------+----------+-------------------------------------------
     0 | D:1      | Falco the Centaur Arcane Marksman began the quest for the Orb.
     0 | D:1      | Reached XP level 1. HP: 16/16 MP: 2/2
    68 | D:1      | Reached XP level 2. HP: 23/23 MP: 3/3
    78 | D:1      | Reached skill level 3 in Bows
   203 | D:1      | Learned a level 2 spell: Slow
  1298 | D:1      | Reached XP level 3. HP: 28/28 MP: 4/4
  2574 | D:3      | Reached skill level 4 in Bows
  2616 | D:3      | Noticed Robin
  2628 | D:3      | Noticed Terence
  2634 | D:3      | Reached XP level 4. HP: 22/36 MP: 5/5
  2639 | D:3      | Slain by a hobgoblin

Vault maps used:
D:1:      lightli_arrival_statue_moat, hangedman_decor_lopped
D:2:      nrook_mini_backslash
D:3:      uniq_robin, uniq_terence

Skill      XL: |  1  2  3 |
---------------+----------+-----
Bows           | 3 4 |  4.0
Hexes          | 3 |  3.0
Fighting       | 2 |  2.0
Polearms       | |  0.3
Dodging        | |  1.9
Unarmed Combat | |  0.2
Spellcasting   | |  1.0

Action                   |  1- 3 |  4- 6 || total
-------------------------+-------+-------++-------
Melee: Unarmed           |    30 |       ||    30
       Spear             |   111 |     4 ||   115
       Kick              |    16 |     1 ||    17
 Fire: Shortbow          |    68 |       ||    68
  Use: Scroll            |     7 |     1 ||     8
  Eat: Ration            |     1 |       ||     1
Armor: Robe              |    79 |     4 ||    83
Dodge: Dodged            |   137 |     6 ||   143

Table legend:
 A = Spawn XP
 B = Non-spawn XP
 C = Spawn XP percentage of total XP
 D = Spawn monster count
 E = Non-spawn monster count
 F = Spawn count percentage of total count
 G = Total turns spent on level
                    A         B        C        D         E        F      G
               +---------+---------+-------+---------+---------+-------+---------
         Total |       0 |      98 |   0.0 |       0 |      57 |   0.0 |  2639
               +---------+---------+-------+---------+---------+-------+---------
           D:1 |       0 |      46 |   0.0 |       0 |      27 |   0.0 |  1692
           D:2 |       0 |      32 |   0.0 |       0 |      19 |   0.0 |   875
           D:3 |       0 |      20 |   0.0 |       0 |      11 |   0.0 |    72
               +---------+---------+-------+---------+---------+-------+---------
